 Dungeon Crawl Stone Soup version 0.25-a0-949-gdd2af9e06e (webtiles) character file.

Game seed: 17371031019290227357, levelgen mode: deterministic

1398 DildoBatman the Conjurer (level 9, 0/61 HPs)
             Began as a Formicid Wizard on May 8, 2020.
             Was an Initiate of Kikubaaqudgha.
             Slain by an orc warrior
             ... wielding a +0 long sword
              (20 damage)
             ... on level 6 of the Dungeon.
             The game lasted 00:21:50 (6292 turns).

DildoBatman the Conjurer (Formicid Wizard)          Turns: 6292, Time: 00:21:51

Health: 0/61       AC:  3    Str: 12    XL:     9   Next: 0%
Magic:  6/13       EV: 12    Int: 21    God:    Kikubaaqudgha [......]
Gold:   334        SH:  0    Dex:  9    Spells: 7/14 levels left

rFire    . . .     SeeInvis +   a - +1 whip (venom)
rCold    . . .     Gourm    .   (no shield)
rNeg     . . .     Faith    .   n - +0 robe (curse)
rPois    +         Spirit   .   (helmet unavailable)
rElec    .         Reflect  .   l - +0 cloak
rCorr    +         Harm     .   (no gloves)
MR       .....                  (no boots)
Stlth    ++........             (no amulet)
HPRegen  0.20/turn              o - ring of poison resistance
MPRegen  0.13/turn              D - ring of resist corrosion

@: no status effects
A: permanent stasis, dig shafts and tunnels, four strong arms, antennae 3
a: Dig, Shaft Self, Renounce Religion


You were on level 6 of the Dungeon.
You worshipped Kikubaaqudgha.
Kikubaaqudgha was noncommittal.
You were not hungry.

You visited 2 branches of the dungeon, and saw 8 of its levels.

You collected 334 gold pieces.

Inventory:

Hand Weapons
 a - a +1 whip of venom (weapon)
 b - a +0 hunting sling
 A - a +0 mace
Missiles
 i - 140 arrows
 j - 98 stones
 p - 56 sling bullets
 q - 5 datura-tipped darts
 t - 13 poisoned darts
 w - 8 atropa-tipped darts (quivered)
 y - 26 bolts
Armour
 l - a +0 cloak (worn)
 m - a +0 kite shield
 n - a cursed +0 robe (worn)
Jewellery
 o - a ring of poison resistance (left hand)
 D - a ring of resist corrosion (right hand)
Wands
 B - a wand of flame (22)
Scrolls
 c - 2 scrolls of enchant weapon {unknown}
 d - a scroll of amnesia {unknown}
 f - a scroll of magic mapping {unknown}
 g - 9 scrolls of identify {unknown}
 k - a scroll of immolation {unknown}
 r - 4 scrolls of teleportation {unknown}
 u - a scroll of fear {unknown}
 x - 2 scrolls of enchant armour {unknown}
 z - a scroll of remove curse {unknown}
 F - a scroll of noise {unknown}
Potions
 e - a potion of heal wounds
 h - 2 potions of brilliance {unknown}
 s - a potion of flight {unknown}
 C - a potion of curing {unknown}
Comestibles
 v - 8 rations
 E - 3 chunks of flesh


   Skills:
 - Level 2.0 Fighting
 - Level 2.0 Armour
 - Level 1.7 Dodging
 - Level 2.4 Stealth
 - Level 3.2 Spellcasting
 - Level 6.0 Conjurations
   Level 1.0 Summonings
   Level 0.8 Translocations
 - Level 5.0 Fire Magic
 * Level 4.2 Air Magic


You had 7 spell levels left.
You knew the following spells:

 Your Spells              Type           Power        Failure   Level  Hunger
a - Conjure Flame         Conj/Fire      ####....     4%          3    ###....
c - Magic Dart            Conj           ####         1%          1    None
e - Mephitic Cloud        Conj/Pois/Air  ###.....     10%         3    ###....

Your spell library contained the following spells:

 Spells                   Type           Power        Failure   Level  Hunger
 Searing Ray              Conj           ####..       1%          2    ##.....
 Dazzling Flash           Conj/Hex       ###...       12%         3    ###....
 Call Imp                 Summ           #.......     13%         2    ##.....
 Slow                     Hex            #.......     21%         2    ##.....
 Iskenderun's Mystic Bla  Conj/Tloc      ###.....     30%         4    ####...
 Fulminant Prism          Conj/Hex       ###.......   36%         4    ####...
 Blink                    Tloc           Unusable     N/A         2    N/A

Dungeon Overview and Level Annotations

Branches:
Dungeon (7/15)             Temple (1/1) D:5

Altars:
Ashenzari
Cheibriados
Dithmenos
Elyvilon
Fedhas
Gozag
Hepliaklqana
Kikubaaqudgha
Nemelex Xobeh
Qazlal
Ru
Sif Muna
Trog
Uskayaw
Wu Jian
Yredelemnul
Zin

Shops:
D:5 [   D:6 :

Portals:
Abyss: D:4

Annotations:
D:3 Pikel
D:4 2 transporters, exclusions: ice beast and 1 more exclusion, Eustachio; glosham's ghost, amateur DEBe


Innate Abilities, Weirdness & Mutations

You cannot be hasted, slowed, berserked, paralysed or teleported.
You can dig through walls and to a lower floor.
Your four strong arms can wield two-handed weapons with a shield.
You have a pair of large antennae on your head. (SInv)


Message History

There is a stone staircase leading down here.
You extend your mandibles.
You dig through the rock wall.
You dig through the rock wall.
You dig through the rock wall.
You dig through the rock wall.
Casting: Mephitic Cloud (dangerous; 10% risk of failure)
Confirm with . or Enter, or press ? or * to list all spells.
Aiming: Mephitic Cloud (dangerous; 10% risk of failure)
Press: ? - help, Shift-Dir - straight line, f - orc warrior
Aim: an orc warrior, wielding a +0 long sword and wearing a +0 chain mail The ball explodes into a vile cloud!
The stinking cloud engulfs the orc warrior but does no damage.
The stinking cloud engulfs the orc but does no damage.
The orc warrior is engulfed in noxious fumes.
You retract your mandibles.
You see here a falchion.
The orc warrior hits you with a +0 long sword!!
You die...
Kikubaaqudgha rasps: "You have failed me!
Welcome... death!"

#....§§# #....§.# #.....##
#....## #....# #)...#
########### ##.###
..........####.#####
###..####.......@o.##
####.####...........##
.###...##..........#.##
....).......⌠.⌠....##○##
...###.......∩)....###o########
...# #......⌠.⌠....# #o.......#
...# ###...........# #........#
.<.# #...##..##### #...>....#
...# #.#.##..## #........#


You could see an orc warrior.

Vanquished Creatures
  Menkaure (D:6)
  An ice beast (D:6)
  3 slaves
  A phantom (D:6)
  3 centaurs
  An ogre (D:6)
  3 bullfrogs (D:6)
  A scorpion (D:4)
  A howler monkey (D:5)
  A crimson imp (D:5)
  2 hounds
  2 orc wizards (D:5)
  A bullfrog skeleton (D:4)
  A centaur skeleton (D:6)
  An iguana (D:5)
  3 worker ants
  6 adders
  A howler monkey skeleton (D:2)
  3 oozes
  An adder skeleton (D:4)
  4 worms
  5 dart slugs
  7 leopard geckos
  10 orcs
  2 ball pythons (D:3)
  4 giant cockroaches
  13 goblins
  9 hobgoblins
  7 jackals
  10 kobolds
  A ball python zombie (D:5)
  11 bats
  2 frilled lizards
  A quokka zombie (D:3)
  10 rats
133 creatures vanquished.

Notes
Turn   | Place    | Note
-------+----------+-------------------------------------------
     0 | D:1      | DildoBatman the Formicid Wizard began the quest for the
                  | Orb.
     0 | D:1      | Reached XP level 1. HP: 13/13 MP: 4/4
    74 | D:1      | Reached skill level 1 in Conjurations
   387 | D:1      | Reached skill level 2 in Conjurations
   387 | D:1      | Reached XP level 2. HP: 15/19 MP: 0/6
   627 | D:1      | Reached XP level 3. HP: 11/24 MP: 1/7
   710 | D:1      | Learned a level 3 spell: Conjure Flame
   714 | D:1      | Learned a level 3 spell: Mephitic Cloud
  1033 | D:1      | Reached skill level 3 in Conjurations
  1333 | D:2      | Reached XP level 4. HP: 30/30 MP: 6/8
  1396 | D:2      | You fall into a shaft and drop 2 floors!
  1396 | D:4      | Noticed a slave
  1396 | D:4      | Noticed a slave
  1396 | D:4      | Noticed a slave
  1396 | D:4      | Noticed a slave
  1397 | D:4      | Noticed Pikel
  1413 | D:4      | Found a hazy altar of Hepliaklqana.
  1759 | D:2      | Found a sparkling altar of Nemelex Xobeh.
  2095 | D:2      | Reached skill level 4 in Conjurations
  2095 | D:2      | Reached XP level 5. HP: 35/35 MP: 4/9
  2101 | D:2      | Found a shadowy altar of Dithmenos.
  3187 | D:4      | Noticed a toenail golem
  3213 | D:4      | Found a snail-covered altar of Cheibriados.
  3218 | D:4      | Found a bloodstained altar of Trog.
  3371 | D:4      | Reached XP level 6. HP: 25/42 MP: 1/10
  3549 | D:4      | Killed a slave
  3631 | D:4      | Reached skill level 1 in Fighting
  3631 | D:4      | Reached skill level 1 in Armour
  3631 | D:4      | Reached skill level 1 in Fire Magic
  3631 | D:4      | Reached skill level 1 in Air Magic
  3734 | D:3      | Killed a slave
  3804 | D:4      | Killed a slave
  4036 | D:4      | Found a one-way gate to the infinite horrors of the Abyss.
  4036 | D:4      | Noticed glosham's ghost (amateur DEBe)
  4055 | D:4      | Found a transporter.
  4055 | D:4      | Found a transporter.
  4342 | D:5      | Entered Level 5 of the Dungeon
  4363 | D:5      | Noticed Eustachio
  4365 | D:5      | Reached skill level 5 in Conjurations
  4365 | D:5      | Reached XP level 7. HP: 36/49 MP: 8/11
  4633 | D:5      | Found Aligaogu's Antique Armour Boutique.
  4922 | D:5      | Found a shattered altar of Ashenzari.
  5173 | D:5      | Found a staircase to the Ecumenical Temple.
  5179 | Temple   | Entered the Ecumenical Temple
  5412 | Temple   | Became a worshipper of Kikubaaqudgha
  5461 | D:5      | Reached XP level 8. HP: 53/56 MP: 9/12
  5853 | D:6      | Found Kiokk's Book Boutique.
  5869 | D:6      | Reached skill level 6 in Conjurations
  5907 | D:6      | Found a shadowy altar of Dithmenos.
  6204 | D:6      | Noticed Menkaure
  6213 | D:6      | Killed Menkaure
  6257 | D:6      | Reached skill level 5 in Fire Magic
  6257 | D:6      | Reached XP level 9. HP: 41/61 MP: 4/13
  6292 | D:6      | Slain by an orc warrior

Levels and vault maps discovered:
D:1:      heliophobic_arrival_henge, layout_loops_ring
D:2:      layout_loops_ring, lemuel_round_altar, nemelex_diamond_rough_becter
D:3:      layout_loops_ring, first_ration, grunt_ministairs_8
D:4:      kennysheep_big_flooded_room, layout_rooms, lemuel_crystal_altar,
          minitemple, gammafunk_ghost_abyssal_escape, uniq_pikel
D:5:      layout_loops_ring, ashenzari_altar_1, minmay_temple_entry_tees,
          serial_shops, shop_fountains, uniq_eustachio
D:6:      layout_rooms, serial_shops, shop_fountains, grunt_dithmenos_smoke,
          uniq_menkaure
D:7:      layout_rooms, okawaru_gym_becter
Temple:   minmay_temple_curvy_loop

Skill      XL: |  1  2  3  4  5  6  7  8 |
---------------+-------------------------+-----
Conjurations   | 2 3 4 5 6 |  6.0
Fighting       | 1 2 |  2.0
Armour         | 1 2 |  2.0
Fire Magic     | 1 2 5 |  5.0
Air Magic      | 1 2 4 |  4.2
Dodging        | |  1.7
Stealth        | |  2.4
Spellcasting   | |  3.2
Summonings     | |  1.0
Translocations | |  0.8

Action                   |  1- 3 |  4- 6 |  7- 9 || total
-------------------------+-------+-------+-------++-------
Melee: Short sword       |    22 |    12 |       ||    34
       Mace              |       |    26 |     7 ||    33
       Whip              |       |       |    59 ||    59
 Fire: Hunting sling     |       |   141 |    78 ||   219
 Cast: Magic Dart        |    72 |   109 |    48 ||   229
       Mephitic Cloud    |       |     8 |    17 ||    25
       Conjure Flame     |       |     8 |    10 ||    18
 Abil: Dig               |       |     3 |     2 ||     5
  Use: Potion            |       |     1 |       ||     1
 Stab: Confused          |       |     1 |     1 ||     2
  Eat: Chunk             |     1 |    11 |     6 ||    18
       Ration            |       |       |     1 ||     1
Armor: Robe              |     7 |    24 |    11 ||    42
Dodge: Dodged            |    24 |    76 |    49 ||   149

Table legend:
 A = Non-vault XP
 B = Vault XP
 C = Vault XP percentage of total XP
 D = Non-vault monster count
 E = Vault monster count
 F = Vault count percentage of total count
                 A         B        C        D         E       F
            +---------+---------+-------+---------+---------+-------
      Total |    1781 |     217 |  10.9 |     126 |       4 |   3.1
            +---------+---------+-------+---------+---------+-------
        D:1 |      61 |       0 |   0.0 |      28 |       0 |   0.0
        D:2 |      57 |       0 |   0.0 |      18 |       0 |   0.0
        D:3 |     107 |       2 |   1.8 |      38 |       1 |   2.6
        D:4 |     197 |      46 |  18.9 |      10 |       2 |  16.7
        D:5 |     556 |       0 |   0.0 |      21 |       0 |   0.0
        D:6 |     800 |     169 |  17.4 |      10 |       1 |   9.1
        D:7 |       3 |       0 |   0.0 |       1 |       0 |   0.0
            +---------+---------+-------+---------+---------+-------
